| TOP OF THE 1ST |
|
Memphis Blues batting - Pitching for Round Rock Express : RHP Jesus Laguna
|
|
Pitching: RHP Jesus Laguna
|
|
|
Batting: SHB Darrell Brown
|
0-0: Called Strike 0-1: Swinging Strike 0-2: Foul Ball, location: 2F 0-2: Ball 1-2: Ball 2-2: Ground out 5-3 (Groundball, 56, EV 95.6 MPH)
|
|
Batting: RHB Dave Penniall
|
0-0: Fly out, F9 (Flyball, 9LS, EV 76.3 MPH)
|
|
Batting: LHB David Christianson
|
0-0: Swinging Strike 0-1: Ball 1-1: Swinging Strike 1-2: Strikes out swinging
|
| Top of the 1st over - 0 runs, 0 hits, 0 errors, 0 left on base; Memphis 0 - Round Rock 0 |
| BOTTOM OF THE 1ST |
|
Round Rock Express batting - Pitching for Memphis Blues : LHP Chris Reyes
|
|
Pitching: LHP Chris Reyes
|
|
|
Batting: LHB Steve Lyons
|
0-0: Fly out, F2 (Popup, 2RF, EV 91.3 MPH)
|
|
Batting: RHB George Gross
|
0-0: Called Strike 0-1: Fly out, F5 (Popup, 15S, EV 81.9 MPH)
|
|
Batting: LHB Al Chambers
|
0-0: SINGLE (Groundball, 4MD, EV 111.3 MPH)
|
|
Batting: RHB Alejandro Sanchez
|
0-0: Ball 1-0: Fly out, F8 (Flyball, 8RS, EV 83.1 MPH)
|
| Bottom of the 1st over - 0 runs, 1 hit, 0 errors, 1 left on base; Memphis 0 - Round Rock 0 |
| TOP OF THE 2ND |
|
Memphis Blues batting - Pitching for Round Rock Express : RHP Jesus Laguna
|
|
Batting: RHB Chris James
|
0-0: Ball 1-0: SOLO HOME RUN (Line Drive, 7D, EV 95.6 MPH), Distance : 372 ft
|
|
Batting: RHB Randy Filkins
|
0-0: Ball 1-0: Called Strike 1-1: Foul Ball, location: 2F 1-2: Foul Ball, location: 2F 1-2: Strikes out swinging
|
|
Batting: RHB Augustine Garrett
|
0-0: Swinging Strike 0-1: Ball 1-1: Ball 2-1: Ball 3-1: SINGLE (Groundball, 6MS, EV 73.1 MPH) (infield hit)
|
|
Batting: RHB Bradley Shames
|
0-0: Ball 1-0: Ball 2-0: Called Strike 2-1: Ball 3-1: Grounds into double play, 4-6-3 (Groundball, 4, EV 86.9 MPH)
|
| Top of the 2nd over - 1 run, 2 hits, 0 errors, 0 left on base; Memphis 1 - Round Rock 0 |
| BOTTOM OF THE 2ND |
|
Round Rock Express batting - Pitching for Memphis Blues : LHP Chris Reyes
|
|
Batting: RHB Martyn Maxwell
|
0-0: Foul Ball, location: 2F 0-1: Called Strike 0-2: Ball 1-2: Fly out, F7 (Flyball, 7LM, EV 90.0 MPH)
|
|
Batting: RHB Mike Sodders
|
0-0: Foul Ball, location: 2F 0-1: Ground out 6-3 (Groundball, 6, EV 88.8 MPH)
|
|
Batting: LHB Luis Armijo
|
0-0: Ball 1-0: Foul Ball, location: 2F 1-1: Swinging Strike 1-2: Ball 2-2: Ball 3-2: Strikes out swinging
|
| Bottom of the 2nd over - 0 runs, 0 hits, 0 errors, 0 left on base; Memphis 1 - Round Rock 0 |
| TOP OF THE 3RD |
|
Memphis Blues batting - Pitching for Round Rock Express : RHP Jesus Laguna
|
|
Batting: RHB Jim Pankovits
|
0-0: Foul Ball, location: 2F 0-1: Ball 1-1: Fly out, F7 (Flyball, 7LS, EV 91.9 MPH)
|
|
Batting: RHB William Muth
|
0-0: Foul Ball, location: 2F 0-1: Ball 1-1: Swinging Strike 1-2: Strikes out swinging
|
|
Batting: SHB Darrell Brown
|
0-0: Called Strike 0-1: Ball 1-1: Ball 2-1: Ground out 4-3 (Groundball, 4, EV 81.3 MPH)
|
| Top of the 3rd over - 0 runs, 0 hits, 0 errors, 0 left on base; Memphis 1 - Round Rock 0 |
| BOTTOM OF THE 3RD |
|
Round Rock Express batting - Pitching for Memphis Blues : LHP Chris Reyes
|
|
Batting: LHB James Jennings
|
0-0: Ball 1-0: Ball 2-0: Called Strike 2-1: Called Strike 2-2: Foul Ball, location: 2F 2-2: Strikes out swinging
|
|
Batting: LHB William Sobbe
|
0-0: Ball 1-0: Ball 2-0: Ball 3-0: Called Strike 3-1: Foul Ball, location: 2F 3-2: Foul Ball, location: 2F 3-2: Foul Ball, location: 2F 3-2: Foul Ball, location: 2F 3-2: SINGLE (Flyball, 8RS, EV 90.6 MPH)
|
|
Batting: LHB Steve Lyons
|
0-0: Ball 1-0: Ball 2-0: Ball 3-0: Base on Balls William Sobbe to second
|
|
Batting: RHB George Gross
|
0-0: Grounds out, U3 (Groundball, 3L, EV 88.8 MPH) William Sobbe to third
|
|
Batting: LHB Al Chambers
|
0-0: Swinging Strike 0-1: Ball 1-1: Swinging Strike 1-2: Ball 2-2: Ball 3-2: Fly out, F8 (Flyball, 89D, EV 91.3 MPH)
|
| Bottom of the 3rd over - 0 runs, 1 hit, 0 errors, 2 left on base; Memphis 1 - Round Rock 0 |
| TOP OF THE 4TH |
|
Memphis Blues batting - Pitching for Round Rock Express : RHP Jesus Laguna
|
|
Batting: RHB Dave Penniall
|
0-0: Called Strike 0-1: Swinging Strike 0-2: Ball 1-2: TRIPLE (Flyball, 78XD, EV 102.5 MPH)
|
|
Batting: LHB David Christianson
|
0-0: Ball 1-0: Foul Ball, location: 2F 1-1: Swinging Strike 1-2: SINGLE (Flyball, 56D, EV 85.0 MPH) Dave Penniall scores
|
|
Batting: RHB Chris James
|
0-0: Called Strike 0-1: Called Strike 0-2: DOUBLE (Groundball, 5L, EV 102.5 MPH) David Christianson to third Runner from 3rd tries for Home, SAFE, no throw by LF
|
|
Batting: RHB Randy Filkins
|
0-0: Ball 1-0: Foul Ball, location: 2F 1-1: Ball 2-1: Ground out 3-1 (Groundball, 34S, EV 84.4 MPH) Chris James to third
|
|
Batting: RHB Augustine Garrett
|
0-0: Swinging Strike 0-1: Foul Ball, location: 2F 0-2: Ball 1-2: Ball 2-2: Foul Ball, location: 2F 2-2: Ball 3-2: Foul Ball, location: 2F 3-2: Strikes out swinging
|
|
Batting: RHB Bradley Shames
|
0-0: Swinging Strike 0-1: Ball 1-1: Swinging Strike 1-2: Ball 2-2: Foul Ball, location: 2F 2-2: Fly out, F8 (Line Drive, 8LM, EV 90.6 MPH)
|
| Top of the 4th over - 2 runs, 3 hits, 0 errors, 1 left on base; Memphis 3 - Round Rock 0 |
| BOTTOM OF THE 4TH |
|
Round Rock Express batting - Pitching for Memphis Blues : LHP Chris Reyes
|
|
Batting: RHB Alejandro Sanchez
|
0-0: TRIPLE (Flyball, 9LD, EV 108.1 MPH)
|
|
Batting: RHB Martyn Maxwell
|
0-0: Ball 1-0: Called Strike 1-1: Ground out 6-3 (Groundball, 56, EV 93.8 MPH) Alejandro Sanchez scores
|
|
Batting: RHB Mike Sodders
|
0-0: Ball 1-0: Called Strike 1-1: SINGLE (Groundball, 56, EV 102.5 MPH)
|
|
Batting: LHB Luis Armijo
|
0-0: SINGLE (Groundball, 13S, EV 76.9 MPH) (infield hit) Mike Sodders to second
|
|
Batting: LHB James Jennings
|
0-0: Called Strike 0-1: Foul Ball, location: 2F 0-2: Ball 1-2: Ball 2-2: Ball 3-2: Strikes out swinging Mike Sodders is caught stealing 3rd base 2-5 Batter strikes out.
|
| Bottom of the 4th over - 1 run, 3 hits, 0 errors, 1 left on base; Memphis 3 - Round Rock 1 |
| TOP OF THE 5TH |
|
Memphis Blues batting - Pitching for Round Rock Express : RHP Jesus Laguna
|
|
Batting: RHB Jim Pankovits
|
0-0: Ball 1-0: Foul Ball, location: 2F 1-1: Ball 2-1: Foul Ball, location: 2F 2-2: Foul Ball, location: 2F 2-2: Fly out, F3 (Popup, 3S, EV 72.5 MPH)
|
|
Batting: RHB William Muth
|
0-0: Ball
|
|
|
|
|
|
1-0: Ball 2-0: Called Strike 2-1: Fly out, F8 (Flyball, 8RS, EV 88.1 MPH)
|
|
Pitching: RHP Bret Cleland
|
|
|
Batting: SHB Darrell Brown
|
0-0: Foul Ball, location: 2F 0-1: Called Strike 0-2: Ground out 6-3 (Groundball, 56, EV 83.8 MPH)
|
| Top of the 5th over - 0 runs, 0 hits, 0 errors, 0 left on base; Memphis 3 - Round Rock 1 |
| BOTTOM OF THE 5TH |
|
Round Rock Express batting - Pitching for Memphis Blues : LHP Chris Reyes
|
|
Batting: LHB William Sobbe
|
0-0: Ball 1-0: Called Strike 1-1: Foul Ball, location: 2F 1-2: Foul Ball, location: 2F 1-2: Ball 2-2: Ground out U3 (Groundball, 3, EV 98.8 MPH)
|
|
Batting: LHB Steve Lyons
|
0-0: SINGLE (Groundball, 56, EV 100.6 MPH)
|
|
Batting: RHB George Gross
|
0-0: Ball 1-0: Ball 2-0: Fly out, F9 (Flyball, 9LM, EV 92.5 MPH)
|
|
Batting: LHB Al Chambers
|
0-0: Ball 1-0: Called Strike 1-1: Called Strike 1-2: Strikes out swinging
|
| Bottom of the 5th over - 0 runs, 1 hit, 0 errors, 1 left on base; Memphis 3 - Round Rock 1 |
| TOP OF THE 6TH |
|
Memphis Blues batting - Pitching for Round Rock Express : RHP Bret Cleland
|
|
Batting: RHB Dave Penniall
|
0-0: Ball 1-0: Ball 2-0: Swinging Strike 2-1: SINGLE (Line Drive, 9S, EV 93.1 MPH)
|
|
Batting: LHB David Christianson
|
0-0: Called Strike 0-1: Foul Ball, location: 2F 0-2: Ball 1-2: Ball 2-2: Ball 3-2: Strikes out swinging
|
|
Batting: RHB Chris James
|
0-0: Foul Ball, location: 2F 0-1: Called Strike 0-2: Ball 1-2: Strikes out looking
|
|
Batting: RHB Randy Filkins
|
0-0: Swinging Strike 0-1: Ball 1-1: Swinging Strike 1-2: Strikes out swinging
|
| Top of the 6th over - 0 runs, 1 hit, 0 errors, 1 left on base; Memphis 3 - Round Rock 1 |
| BOTTOM OF THE 6TH |
|
Round Rock Express batting - Pitching for Memphis Blues : LHP Chris Reyes
|
|
Batting: RHB Alejandro Sanchez
|
0-0: Ball 1-0: Foul Ball, location: 2F 1-1: Called Strike 1-2: Ball 2-2: Foul Ball, location: 2F 2-2: Ball 3-2: Base on Balls
|
|
Batting: RHB Martyn Maxwell
|
0-0: Foul Ball, location: 2F 0-1: Ball 1-1: Ball 2-1: DOUBLE (Line Drive, 78D, EV 111.3 MPH) Alejandro Sanchez to third
|
|
Batting: RHB Mike Sodders
|
0-0: Called Strike 0-1: Ball 1-1: Foul Ball, location: 2F 1-2: Strikes out swinging
|
|
Pitching: RHP Mark Humphrey
|
|
|
Batting: LHB Luis Armijo
|
0-0: Foul Ball, location: 2F 0-1: Called Strike 0-2: Ball 1-2: Fly out, F4 (Flyball, 34D, EV 85.6 MPH)
|
|
Batting: LHB James Jennings
|
0-0: Ball 1-0: Swinging Strike 1-1: Called Strike 1-2: Foul Ball, location: 2F 1-2: Ball 2-2: Ball 3-2: Foul Ball, location: 2F 3-2: Reached via error on a dropped throw from 2B, E3 (Groundball, 4MS, EV 86.3 MPH) Alejandro Sanchez scores Martyn Maxwell to third
|
|
Batting: LHB William Sobbe
|
0-0: SINGLE (Line Drive, 78S, EV 91.3 MPH) Martyn Maxwell scores James Jennings to second
|
|
Batting: LHB Steve Lyons
|
0-0: SINGLE (Line Drive, 7LS, EV 103.1 MPH) James Jennings to third William Sobbe to second Runner from 3rd tries for Home, SAFE, throw by LF to home William Sobbe to third Steve Lyons to second
|
|
Batting: RHB George Gross
|
0-0: Ball 1-0: Called Strike 1-1: Called Strike 1-2: Ball 2-2: Foul Ball, location: 2F 2-2: Ball 3-2: Base on Balls
|
|
Batting: LHB Al Chambers
|
0-0: Called Strike 0-1: Called Strike 0-2: Fly out, F5 (Popup, 56S, EV 70.0 MPH)
|
| Bottom of the 6th over - 3 runs, 3 hits, 1 error, 3 left on base; Memphis 3 - Round Rock 4 |
| TOP OF THE 7TH |
|
Memphis Blues batting - Pitching for Round Rock Express : RHP Bret Cleland
|
|
Batting: RHB Augustine Garrett
|
0-0: Ball 1-0: Foul Ball, location: 2F 1-1: Ball 2-1: Ball 3-1: Swinging Strike 3-2: Foul Ball, location: 2F 3-2: Foul Ball, location: 2F 3-2: Strikes out swinging
|
|
Batting: RHB Bradley Shames
|
0-0: Ball 1-0: Called Strike 1-1: Called Strike 1-2: Ball 2-2: Ball 3-2: Strikes out swinging
|
|
Batting: RHB Jim Pankovits
|
0-0: Ball 1-0: Reached on error, E5 (Groundball, 5, EV 83.8 MPH)
|
|
Pitching: RHP Richard Dotson
|
|
|
Pinch Hitting: LHB John Robbins
|
0-0: Ball 1-0: Swinging Strike 1-1: Foul Ball, location: 2F 1-2: Ball Jim Pankovits steals 2nd base 2-2: Ball 3-2: Base on Balls
|
|
Batting: SHB Darrell Brown
|
0-0: Ground out U3 (Groundball, 13, EV 86.9 MPH)
|
| Top of the 7th over - 0 runs, 0 hits, 1 error, 2 left on base; Memphis 3 - Round Rock 4 |
| BOTTOM OF THE 7TH |
|
Round Rock Express batting - Pitching for Memphis Blues : RHP Mark Humphrey
|
|
Now at 3B: Jeff Reynolds
|
|
|
Batting: RHB Alejandro Sanchez
|
0-0: Called Strike 0-1: Fly out, F9 (Flyball, 9LM, EV 91.3 MPH)
|
|
Batting: RHB Martyn Maxwell
|
0-0: Swinging Strike 0-1: Swinging Strike 0-2: Foul Ball, location: 2F 0-2: Fly out, F2 (Popup, 2RF, EV 96.9 MPH)
|
|
Batting: RHB Mike Sodders
|
0-0: Ball 1-0: Called Strike 1-1: Hit by Pitch
|
|
Batting: LHB Luis Armijo
|
0-0: Ball 1-0: Ball 2-0: SINGLE (Line Drive, 8LS, EV 108.8 MPH) Mike Sodders to second
|
|
Batting: LHB James Jennings
|
0-0: SINGLE (Groundball, 3D, EV 98.8 MPH) Mike Sodders to third Luis Armijo to second Runner from 3rd tries for Home, SAFE, throw by RF to home
|
|
Batting: LHB William Sobbe
|
0-0: Ball 1-0: Ball 2-0: Foul Ball, location: 2F 2-1: Ball 3-1: Swinging Strike 3-2: Ground out 6-3 (Groundball, 6, EV 101.9 MPH)
|
| Bottom of the 7th over - 1 run, 2 hits, 0 errors, 2 left on base; Memphis 3 - Round Rock 5 |
| TOP OF THE 8TH |
|
Memphis Blues batting - Pitching for Round Rock Express : RHP Richard Dotson
|
|
Batting: RHB Dave Penniall
|
0-0: Ball 1-0: Fly out, F9 (Flyball, 9LM, EV 84.4 MPH)
|
|
Batting: LHB David Christianson
|
0-0: Foul Ball, location: 2F 0-1: Swinging Strike 0-2: Foul Ball, location: 2F 0-2: Ball 1-2: Ball 2-2: Ball 3-2: Fly out, F5 (Popup, 5SF, EV 85.6 MPH)
|
|
Batting: RHB Chris James
|
0-0: Ball 1-0: Called Strike 1-1: Swinging Strike 1-2: Ball 2-2: Foul Ball, location: 2F 2-2: Strikes out swinging
|
| Top of the 8th over - 0 runs, 0 hits, 0 errors, 0 left on base; Memphis 3 - Round Rock 5 |
| BOTTOM OF THE 8TH |
|
Round Rock Express batting - Pitching for Memphis Blues : RHP Mark Humphrey
|
|
Batting: LHB Steve Lyons
|
0-0: Ball 1-0: Ball 2-0: Foul Ball, location: 2F 2-1: Swinging Strike 2-2: Ball 3-2: Foul Ball, location: 2F 3-2: DOUBLE (Line Drive, 7LS, EV 101.3 MPH)
|
|
Batting: RHB George Gross
|
0-0: Ball 1-0: Ball 2-0: Ball 3-0: Called Strike 3-1: Foul Ball, location: 2F 3-2: Reached on error, E5 (Groundball, 56, EV 87.5 MPH) Steve Lyons to third
|
|
Batting: LHB Al Chambers
|
0-0: Ball 1-0: Ball 2-0: Ball 3-0: Called Strike 3-1: Fielders Choice at 2nd, 3-6 (Groundball, 34, EV 79.4 MPH) Steve Lyons scores
|
|
Batting: RHB Alejandro Sanchez
|
0-0: Swinging Strike 0-1: Swinging Strike 0-2: Ball 1-2: Ball 2-2: Strikes out swinging
|
|
Pitching: RHP Anthony Threatt
|
|
|
Batting: RHB Martyn Maxwell
|
0-0: Ball Al Chambers steals 2nd base 1-0: Foul Ball, location: 2F 1-1: Ground out 4-3 (Groundball, 4D, EV 95.0 MPH)
|
| Bottom of the 8th over - 1 run, 1 hit, 1 error, 1 left on base; Memphis 3 - Round Rock 6 |
| TOP OF THE 9TH |
|
Memphis Blues batting - Pitching for Round Rock Express : RHP Richard Dotson
|
|
Pitching: LHP Ronald Wrobel
|
|
|
Batting: RHB Randy Filkins
|
0-0: Swinging Strike 0-1: Fly out, F4 (Popup, 34, EV 60.0 MPH)
|
|
Batting: RHB Augustine Garrett
|
0-0: Called Strike 0-1: Foul Ball, location: 2F 0-2: Foul Ball, location: 2F 0-2: Ball 1-2: Strikes out swinging
|
|
Batting: RHB Bradley Shames
|
0-0: Ball 1-0: Fly out, F9 (Flyball, 9S, EV 96.9 MPH)
|
| Top of the 9th over - 0 runs, 0 hits, 0 errors, 0 left on base; Memphis 3 - Round Rock 6 |
 |
|
Thursday, August 27th, 2020 - OOTP Baseball 21.5 Build 76
|
|